 Dungeon Sprint DCSS version bcrawl-1.15.1 (webtiles) character file.

Game seed: 17166160521708528062

5350 Nivan the Imperceptible (level 10, -1/69 HPs)
             Began as a Human Rogue on Sept 28, 2019.
             Was a High Priest of Okawaru.
             Slain by a demonic crawler (9 damage)
             ... in the Dungeon (Sprint I: "Red Sonja").
             The game lasted 00:27:35 (1758 turns).

Nivan the Imperceptible (Human Rogue)               Turns: 1758, Time: 00:27:36

Health: -1/69      AC:  7    Str: 10    XL:     10   Next: 97%
Magic:  16/16      EV: 13    Int: 11    God:    Okawaru [*****.]
Gold:   278        SH:  0    Dex: 21    Spells: 9/9 levels left

rFire    . . .     SeeInvis .   p - +3 dagger (elec)
rCold    . . .     Gourm    .   (no shield)
rNeg     . . .     Faith    .   c - +1 robe
rPois    .         Spirit   .   (no helmet)
rElec    .         Reflect  .   d - +0 cloak
rCorr    .         Harm     .   q - +2 pair of gloves {Dex+3}
MR       .....     Rnd*Rage +   (no boots) Stlth +++++++++.NoTele +
                                (no amulet)
HPRegen  0.21/turn              (no ring)
MPRegen  0.15/turn              (no ring)

@: no status effects
A: [berserk 1], [frail 1], [weak 1], [no potion heal 1], [subdued magic 3],
sturdy frame 1
a: Heroism, Finesse, Renounce Religion


You were in the Dungeon.
You worshipped Okawaru.
Okawaru was extremely pleased with you.
You were not hungry.

You visited 1 branch You collected 720 gold pieces.
You spent 442 gold pieces at shops.

Inventory:

Hand Weapons
 a - a +2 dagger
 b - a +0 blowgun
 p - a +3 dagger of electrocution (weapon)
 u - a +0 blowgun
 v - a +0 short sword of distortion
Missiles
 e - 75 poisoned needles
 t - 10 curare-tipped needles
Armour
 c - a +1 robe (worn)
 d - a +0 cloak (worn)
 q - a +2 pair of gloves of dexterity (worn)
Wands
 f - a wand of flame (15)
 g - a wand of enslavement (15)
 o - a wand of polymorph (8)
Potions
 i - 2 potions of curing
 k - 2 potions of haste
 l - 2 potions of magic
 m - a potion of berserk rage
Comestibles
 h - a ration {!d}


   Skills:
 + Level 6.3 Fighting
 + Level 10.2 Short Blades
 + Level 2.3 Dodging
 + Level 22.7 Stealth
 + Level 8.5 Evocations


You had 9 spell levels left.
You didn't know any spells.
Your spell library was empty.

Dungeon Overview and Level Annotations

Branches:
Dungeon (1/1)

Altars:
Cheibriados
Dithmenos
Elyvilon
Fedhas
Gozag
Hepliaklqana
Kikubaaqudgha
Lugonu
Makhleb
Nemelex Xobeh
Okawaru
Qazlal
Ru
Sif Muna
Trog
Uskayaw
Vehumet
Wu Jian
Xom
Yredelemnul
Zin
The Shining One
Jiyva

Shops:
D (?*(**


Innate Abilities, Weirdness & Mutations

Your movements are slightly less encumbered by armour. (ER -2)
[You tend to lose your temper in combat.]
[You are frail. (-10% HP)]
[You are weak. (Str -2)]
[Potions are less effective at restoring your health.]
[Your spells are much easier to cast, but much less powerful.]


Message History

The demonic crawler hits you. The demonic crawler closely misses you.
The demonic crawler hits you. The demonic crawler misses you.
The demonic crawler hits you!
The demonic crawler barely misses you. x2
The demonic crawler misses you.
There is an open door here.
Wield which item (- for none, * to show all)? (? for menu, Esc to quit)
You hear the crackle of electricity.
p - a +3 dagger of electrocution (weapon)
The demonic crawler hits you. x2
* * * LOW HITPOINT WARNING * * *
The demonic crawler hits you.
* * * LOW HITPOINT WARNING * * *
Your system partially rejects the healing.
You feel better.
The demonic crawler looks more healthy.
The demonic crawler hits you.
* * * LOW HITPOINT WARNING * * *
The demonic crawler hits you!
* * * LOW HITPOINT WARNING * * *
The demonic crawler hits you!
You die...

#########################
<.#..'..#..'..#__#s.'..)#
..').#.)÷).#..'.@ss.#...##+#
..#####'#####'#__####)..'†.#
..####..#...#.#### #####..+
..#__####..##.# +##
..#_____##'#_.+
⌠⌠#_.∩...'..._#
###_..__##_.#'#
#_____###'#.#
###########.###


You could see 3 demonic crawlers.

Vanquished Creatures
  Sonja (D)
  8 shining eyes (D)
  2 kobold demonologists (D)
  A demonic crawler (D)
  A slime creature (D)
  A yak (D)
  5 floating eyes (D)
  An ogre (D)
  A jelly (D)
  Ijyb (D)
  A worker ant (D)
  3 ballistomycetes (D)
  A ballistomycete spore (D)
27 creatures vanquished.

Vanquished Creatures (others)
  A gargoyle (D)
  A ballistomycete spore (D)
2 creatures vanquished.

Grand Total: 29 creatures vanquished

Notes
Turn   | Place    | Note
-------+----------+-------------------------------------------
     0 | D        | Nivan the Human Rogue began the quest for the Orb.
     0 | D        | Reached XP level 1. HP: 16/16 MP: 2/2
     2 | D        | Noticed Ijyb
    37 | D        | Killed Ijyb
    37 | D        | Reached skill level 7 in Stealth
    37 | D        | Reached XP level 2. HP: 17/23 MP: 2/4
    37 | D        | Reached XP level 3. HP: 21/28 MP: 2/5
   172 | D        | Noticed an ogre
   175 | D        | Killed an ogre
   175 | D        | Reached skill level 10 in Stealth
   175 | D        | Reached XP level 4. HP: 33/35 MP: 6/6
   175 | D        | Reached XP level 5. HP: 38/41 MP: 7/7
   197 | D        | Noticed Sigmund
   202 | D        | Noticed Sigmund
   202 | D        | Sigmund changed into Sigmund the worker ant
   203 | D        | Killed Sigmund the worker ant
   203 | D        | Reached skill level 11 in Stealth
   223 | D        | Found an ornate altar of the Wu Jian Council.
   223 | D        | Found a shimmering blue altar of Sif Muna.
   225 | D        | Found a radiant altar of Vehumet.
   232 | D        | Found Ofakliots's Weapon Emporium.
   232 | D        | Found an ancient bone altar of Kikubaaqudgha.
   232 | D        | Found a hazy altar of Hepliaklqana.
   232 | D        | Found a stormy altar of Qazlal.
   232 | D        | Found a hide-covered altar of Uskayaw.
   232 | D        | Found a blossoming altar of Fedhas.
   232 | D        | Found a bloodstained altar of Trog.
   232 | D        | Found an iron altar of Okawaru.
   232 | D        | Found a basalt altar of Yredelemnul.
   232 | D        | Found a glowing golden altar of the Shining One.
   232 | D        | Found a snail-covered altar of Cheibriados.
   232 | D        | Found a sacrificial altar of Ru.
   232 | D        | Found a glowing silver altar of Zin.
   232 | D        | Found a shadowy altar of Dithmenos.
   232 | D        | Found a white marble altar of Elyvilon.
   232 | D        | Noticed a yak
   233 | D        | Found an opulent altar of Gozag.
   234 | D        | Killed a yak
   234 | D        | Reached skill level 1 in Dodging
   234 | D        | Reached skill level 13 in Stealth
   234 | D        | Reached XP level 6. HP: 44/48 MP: 7/9
   252 | D        | Found a sparkling altar of Nemelex Xobeh.
   259 | D        | Became a worshipper of Warmaster Okawaru
   283 | D        | Found a burning altar of Makhleb.
   283 | D        | Found a viscous altar of Jiyva.
   283 | D        | Found a shimmering altar of Xom.
   283 | D        | Found a corrupted altar of Lugonu.
   283 | D        | Noticed a slime creature
   286 | D        | Killed a slime creature
   286 | D        | Reached * piety under Okawaru
   286 | D        | Reached skill level 5 in Short Blades
   286 | D        | Reached skill level 15 in Stealth
   286 | D        | Reached skill level 5 in Evocations
   286 | D        | Reached XP level 7. HP: 54/54 MP: 9/11
   294 | D        | Noticed Sonja
   298 | D        | Killed Sonja
   298 | D        | Reached ** piety under Okawaru
   298 | D        | Reached skill level 17 in Stealth
   298 | D        | Reached XP level 8. HP: 61/61 MP: 10/12
   315 | D        | Found Yxtiulao's Antique Weapon Boutique.
   318 | D        | Noticed a shining eye
   318 | D        | Noticed a shining eye
   318 | D        | Noticed a shining eye
   318 | D        | Noticed a shining eye
   318 | D        | Noticed a shining eye
   318 | D        | Noticed a shining eye
   612 | D        | Noticed a kobold demonologist
   613 | D        | Noticed a kobold demonologist
   617 | D        | Killed a kobold demonologist
   617 | D        | Reached *** piety under Okawaru
   617 | D        | Reached skill level 5 in Fighting
   617 | D        | Reached skill level 18 in Stealth
   617 | D        | Reached XP level 9. HP: 68/68 MP: 12/14
   620 | D        | Killed a kobold demonologist
  1005 | D        | Killed a gargoyle
  1285 | D        | Reached skill level 19 in Stealth
  1286 | D        | Noticed a shining eye
  1286 | D        | Noticed a shining eye
  1297 | D        | Paralysed by a floating eye for 3 turns
  1311 | D        | Paralysed by a floating eye for 4 turns
  1320 | D        | Gained mutation: Your movements are slightly less
                  | encumbered by armour. (ER -2) [potion of mutation]
  1321 | D        | Killed a shining eye
  1321 | D        | Reached **** piety under Okawaru
  1323 | D        | Reached skill level 20 in Stealth
  1328 | D        | Killed a shining eye
  1339 | D        | Killed a shining eye
  1339 | D        | Reached ***** piety under Okawaru
  1339 | D        | Reached skill level 21 in Stealth
  1339 | D        | Reached XP level 10. HP: 53/53 MP: 10/15
  1346 | D        | Killed a shining eye
  1352 | D        | Killed a shining eye
  1352 | D        | Received a gift from Okawaru
  1378 | D        | Paralysed by a floating eye for 3 turns
  1384 | D        | Paralysed by a floating eye for 3 turns
  1389 | D        | Paralysed by a floating eye for 3 turns
  1395 | D        | Paralysed by a floating eye for 2 turns
  1413 | D        | Killed a shining eye
  1413 | D        | Reached skill level 22 in Stealth
  1426 | D        | Killed a shining eye
  1451 | D        | Killed a shining eye
  1451 | D        | Reached skill level 10 in Short Blades
  1472 | D        | Found Pel Cint's General Store.
  1472 | D        | Found Bara's Magic Scroll Shoppe.
  1472 | D        | Found Ongohupu's General Store.
  1472 | D        | Found Ulawiax's Assorted Antiques.
  1480 | D        | Bought 3 scrolls of enchant weapon for 292 gold pieces
  1495 | D        | Bought 2 scrolls of enchant armour for 150 gold pieces
  1545 | D        | Noticed a demonic crawler
  1545 | D        | Noticed a demonic crawler
  1545 | D        | Noticed a demonic crawler
  1545 | D        | Noticed a demonic crawler
  1547 | D        | Killed a demonic crawler
  1758 | D        | Slain by a demonic crawler

Skill      XL: |  1  2  3  4  5  6  7  8  9 10 |
---------------+-------------------------------+-----
Stealth        | 7 10 13 15 17 18 21 22 | 22.7
Evocations     | 3 4 5 6 7 8 |  8.5
Fighting       | 3 4 5 6 |  6.3
Short Blades   | 3 4 5 6 8 10 | 10.2
Dodging        | 1 2 |  2.3

Action                   |  1- 3 |  4- 6 |  7- 9 | 10-12 || total
-------------------------+-------+-------+-------+-------++-------
Melee: Dagger            |    21 |     4 |    55 |    61 ||   141
       Unarmed           |     8 |       |       |       ||     8
 Fire: Blowgun           |       |       |       |     5 ||     5
Evoke: Wand              |       |     3 |       |       ||     3
  Use: Potion            |       |       |     1 |     2 ||     3
       Scroll            |       |       |       |     7 ||     7
 Stab: Sleeping          |     2 |     3 |     6 |     1 ||    12
  Eat: Ration            |       |       |       |     1 ||     1
Armor: Skin              |     8 |       |       |       ||     8
       Robe              |       |       |       |    10 ||    10
Dodge: Dodged            |     8 |     1 |       |    20 ||    29
